 Dungeon Crawl Stone Soup version 0.24.1-14-gf8d2b509d9 (console) character file.

Game seed: 10412384279689065515, levelgen mode: deterministic

1203 Kagalorn the Charlatan (level 8, -2/60 HPs)
             Began as a Gnoll Wanderer on Oct 2, 2020.
             Was a Follower of Ashenzari.
             Slain by a mummy (16 damage)
             ... in an ossuary.
             The game lasted 00:18:50 (7245 turns).

Kagalorn the Charlatan (Gnoll Wanderer)             Turns: 7245, Time: 00:18:51

Health: -2/60      AC:  4    Str: 13    XL:     8   Next: 45%
Magic:  12/12      EV: 14    Int: 18    God:    Ashenzari [*.....]
Gold:   303        SH:  4    Dex: 15    Spells: 12/13 levels left

rFire    . . .     SeeInvis .   k - +0 mace (holy)
rCold    . . .     Gourm    .   (no shield)
rNeg     . . .     Faith    .   d - +0 robe
rPois    .         Spirit   .   l - +1 helmet (curse)
rElec    .         Reflect  +   (no cloak)
rCorr    .         Harm     .   (no gloves)
MR       +....                  (no boots)
Stlth    +++.......             F - +4 amulet of reflection (curse)
HPRegen  0.20/turn              C - ring of protection from magic
MPRegen  0.13/turn              (no ring)

@: no status effects
A: distributed training, fangs 1, strong nose
a: Curse Item, Scrying, Renounce Religion


You were in an ossuary.
You worshipped Ashenzari.
Ashenzari was aware of your devotion.
You were very hungry.

You visited 2 branches of the dungeon, and saw 7 of its levels.
You also visited: Ossuary.

You collected 303 gold pieces.

Inventory:

Hand Weapons
 a - a +4 dagger of venom
 b - a +2 dagger of electrocution
 g - a +0 quarterstaff
 k - a +0 mace of holy wrath (weapon)
 n - a +0 hunting sling
Missiles
 e - 69 arrows
 h - 151 stones
 j - 5 javelins
 m - 3 boomerangs
 u - 5 poisoned darts (quivered)
 y - 12 sling bullets
 D - 8 atropa-tipped darts
Armour
 d - a +0 robe (worn)
 l - a cursed +1 helmet (worn)
Jewellery
 C - a ring of protection from magic (left hand)
 F - a cursed +4 amulet of reflection (around neck)
Wands
 o - a wand of digging (4)
 w - a wand of random effects (24)
Scrolls
 c - 5 scrolls of teleportation
 r - a scroll of identify {unknown}
 v - 2 scrolls of enchant armour
 z - a scroll of immolation {unknown}
 A - a scroll of amnesia {unknown}
 B - a scroll of fear
 J - a scroll of fog {unknown}
Potions
 i - 2 potions of lignification {unknown}
 p - 5 potions of heal wounds {unknown}
 q - 3 potions of curing {unknown}
 s - a potion of brilliance {unknown}
 t - a potion of degeneration {unknown}
 x - a potion of invisibility {unknown}
 E - 2 potions of cancellation {unknown}
 G - a potion of berserk rage {unknown}
 H - a potion of flight {unknown}
 I - a potion of might {unknown}
Comestibles
 f - 7 rations


   Skills:
 + Level 4.2 Fighting
 + Level 3.2 Short Blades
 + Level 3.2 Long Blades
 + Level 3.2 Axes
 + Level 3.2 Maces & Flails
 + Level 3.2 Polearms
 + Level 4.2 Staves
 + Level 3.2 Slings
 + Level 3.2 Bows
 + Level 3.2 Crossbows
 + Level 3.2 Throwing
 + Level 3.2 Armour
 + Level 4.2 Dodging
 + Level 5.3 Stealth
 + Level 3.2 Shields
 + Level 3.2 Unarmed Combat
 + Level 3.2 Spellcasting
 + Level 3.4 Conjurations
 + Level 2.6 Hexes
 + Level 2.6 Charms
 + Level 2.6 Summonings
 + Level 2.6 Necromancy
 + Level 2.6 Translocations
 + Level 2.6 Transmutations
 + Level 2.6 Fire Magic
 + Level 4.6 Ice Magic
 + Level 2.6 Air Magic
 + Level 2.6 Earth Magic
 + Level 2.6 Poison Magic
 + Level 3.5 Invocations
 + Level 5.6 Evocations


You had 12 spell levels left.
You knew the following spells:

 Your Spells              Type           Power        Failure   Level  Hunger
a - Freeze                Ice            ###.         2%          1    None

Your spell library contained the following spells:

 Spells                   Type           Power        Failure   Level  Hunger
 Throw Frost              Conj/Ice       ###...       4%          2    ##.....
 Corpse Rot               Necr           N/A          9%          2    ##.....
 Sublimation of Blood     Necr           ##........   9%          2    ##.....
 Ozocubu's Armour         Chrm/Ice       ###.....     11%         3    ###....
 Throw Icicle             Conj/Ice       ###.....     30%         4    ####...
 Summon Ice Beast         Ice/Summ       ###.....     34%         4    ####...
 Bolt of Draining         Conj/Necr      ##........   77%         5    ######.
 Agony                    Necr           ##......     83%         5    ######.
 Dispel Undead            Necr           ##......     83%         5    ######.
 Excruciating Wounds      Chrm/Necr      ##........   83%         5    ######.


Dungeon Overview and Level Annotations

Branches:
Dungeon (6/15)             Temple (1/1) D:4         Ossuary (1/1)

Altars:
Ashenzari
Cheibriados
Dithmenos
Elyvilon
Fedhas
Gozag
Hepliaklqana
Kikubaaqudgha
Makhleb
Nemelex Xobeh
Okawaru
Qazlal
Ru
Sif Muna
Trog
Uskayaw
Vehumet
Wu Jian
Xom
Zin
The Shining One

Annotations:
D:4 2 transporters


Innate Abilities, Weirdness & Mutations

Your experience applies equally to all skills.
You have very sharp teeth.
Your uncanny sense of smell can sniff out nearby items.


Message History

The mummy is heavily damaged.
The mummy hits you!!
Press: ? - help, v - describe, . - travel
Here: a mummy (heavily damaged)
The floor.
You sock the mummy!
The mummy convulses!
You destroy the mummy!
The mummy barely misses you. The mummy hits you but does no damage.
You hit the mummy.
The mummy convulses.
Your bite misses the mummy.
The mummy is moderately damaged.
You hit the mummy.
The mummy convulses.
The mummy is heavily damaged.
The mummy hits you! The mummy closely misses you.
You barely miss the mummy. You bite the mummy, but do no damage.
The mummy is heavily damaged.
The mummy hits you!
* * * LOW HITPOINT WARNING * * *
The mummy hits you!
You die...

#
###########Z#
##.........^..
#...........^.
#.....∩.∩.^...
#..MM.......^.
##..@.........
###########.#
#


You could see 2 mummies.

Vanquished Creatures
  Sigmund (D:2)
  3 ogres
  A centaur (D:6)
  A scorpion (D:4)
  A howler monkey (D:4)
  A crimson imp (D:5)
  A centaur zombie (D:5)
  A bullfrog zombie (D:5)
  An orc priest (D:3)
  Jessica (D:2)
  An iguana (D:4)
  Natasha (thrice) (D:2)
  An orc wizard (D:5)
  5 worker ants
  A hound skeleton (D:5)
  A mummy (Ossuary)
  A howler monkey zombie (D:5)
  A worker ant zombie (D:5)
  Robin (D:1)
  A gnoll (D:1)
  3 adders (D:3)
  A shadow imp (D:4)
  2 worms (D:2)
  A leopard gecko (D:1)
  13 orcs
  3 giant cockroaches
  18 goblins
  9 hobgoblins
  11 jackals
  3 quokkas
  3 ball pythons
  12 bats
  6 frilled lizards
  A jackal skeleton (D:4)
  9 kobolds
  A leopard gecko zombie (D:5)
  A quokka skeleton (D:5)
  6 rats
131 creatures vanquished.

Notes
Turn   | Place    | Note
-------+----------+-------------------------------------------
     0 | D:1      | Kagalorn the Gnoll Wanderer began the quest for the Orb.
     0 | D:1      | Kagalorn set off with the following items: a +0
                  | quarterstaff, a scroll of teleportation, a +0 robe, a +0
                  | dagger, a ration; and the following spell memorised:
                  | Freeze; and the following spells available to memorise:
                  | Throw Frost, Ozocubu's Armour, Throw Icicle, Summon Ice
                  | Beast
     0 | D:1      | Reached XP level 1. HP: 17/17 MP: 3/3
   129 | D:1      | Reached XP level 2. HP: 8/23 MP: 0/5
   693 | D:1      | Reached XP level 3. HP: 25/28 MP: 6/6
   867 | D:1      | Reached skill level 1 in Invocations
  1117 | D:2      | Noticed Natasha
  1123 | D:2      | Killed Natasha
  1123 | D:2      | Reached skill level 1 in Short Blades
  1123 | D:2      | Reached skill level 1 in Long Blades
  1123 | D:2      | Reached skill level 1 in Axes
  1123 | D:2      | Reached skill level 1 in Maces & Flails
  1123 | D:2      | Reached skill level 1 in Polearms
  1123 | D:2      | Reached skill level 1 in Slings
  1123 | D:2      | Reached skill level 1 in Bows
  1123 | D:2      | Reached skill level 1 in Crossbows
  1123 | D:2      | Reached skill level 1 in Throwing
  1123 | D:2      | Reached skill level 1 in Armour
  1123 | D:2      | Reached skill level 1 in Shields
  1123 | D:2      | Reached skill level 1 in Unarmed Combat
  1123 | D:2      | Reached skill level 1 in Spellcasting
  1123 | D:2      | Reached XP level 4. HP: 25/34 MP: 2/7
  1173 | D:2      | Noticed an ogre
  1219 | D:2      | Noticed Robin
  1347 | D:1      | Killed Robin
  1580 | D:1      | Reached skill level 1 in Hexes
  1580 | D:1      | Reached skill level 1 in Charms
  1580 | D:1      | Reached skill level 1 in Summonings
  1580 | D:1      | Reached skill level 1 in Necromancy
  1580 | D:1      | Reached skill level 1 in Translocations
  1580 | D:1      | Reached skill level 1 in Transmutations
  1580 | D:1      | Reached skill level 1 in Fire Magic
  1580 | D:1      | Reached skill level 1 in Air Magic
  1580 | D:1      | Reached skill level 1 in Earth Magic
  1580 | D:1      | Reached skill level 1 in Poison Magic
  1703 | D:2      | Noticed Jessica
  1707 | D:2      | Noticed Sigmund
  2004 | D:3      | Reached XP level 5. HP: 18/40 MP: 8/8
  3278 | D:4      | Reached XP level 6. HP: 39/47 MP: 9/9
  3606 | D:4      | Reached skill level 5 in Evocations
  3725 | D:4      | Found a staircase to the Ecumenical Temple.
  3749 | Temple   | Entered the Ecumenical Temple
  3992 | Temple   | Became a worshipper of Ashenzari the Shackled
  4131 | D:4      | Reached XP level 7. HP: 32/52 MP: 10/10
  4337 | D:4      | Found a transporter.
  4518 | D:4      | Found a transporter.
  4632 | D:5      | Entered Level 5 of the Dungeon
  5639 | D:5      | Reached skill level 5 in Stealth
  6065 | D:2      | Noticed Natasha
  6085 | D:2      | Killed Natasha
  6085 | D:2      | Reached XP level 8. HP: 37/60 MP: 12/12
  6257 | D:2      | Noticed Natasha
  6269 | D:2      | Killed Sigmund
  6277 | D:2      | Killed Natasha
  6301 | D:2      | Killed Jessica
  6637 | D:2      | Reached * piety under Ashenzari
  6663 | D:2      | Found a faded altar of an unknown god.
  7226 | D:6      | Found a sand-covered staircase.
  7230 | Ossuary  | Entered an ossuary
  7245 | Ossuary  | Slain by a mummy

Levels and vault maps discovered:
D:1:      sevenhm_arrival_forest_fort_large_2, layout_rooms
D:2:      layout_basic, chequers_ecumenical_altar_twisty, minmay_puff,
          uniq_jessica, uniq_robin, uniq_natasha, uniq_sigmund
D:3:      layout_loops_cross, first_ration
D:4:      gammafunk_cloud_chamber, layout_basic,
          minmay_temple_entry_butterflies, hangedman_abyss_or_decor_stagger
D:5:      layout_cave_pods
D:6:      layout_loops_ring, nicolae_overflow_hidden_temple,
          lightli_ossuary_entry_decrepit_ruins, serial_shops, shop_fountains,
          nrook_pool_corridor
Temple:   nicolae_temple_the_god_donut
Ossuary:  ossuary_the_hunt_dpeg

Skill      XL: |  1  2  3  4  5  6  7  8 |
---------------+-------------------------+-----
Conjurations   | 2 3 |  3.4
Invocations    | 1 2 3 |  3.5
Short Blades   | 1 2 3 |  3.2
Long Blades    | 1 2 3 |  3.2
Axes           | 1 2 3 |  3.2
Maces & Flails | 1 2 3 |  3.2
Polearms       | 1 2 3 |  3.2
Slings         | 1 2 3 |  3.2
Bows           | 1 2 3 |  3.2
Crossbows      | 1 2 3 |  3.2
Throwing       | 1 2 3 |  3.2
Armour         | 1 2 3 |  3.2
Shields        | 1 2 3 |  3.2
Unarmed Combat | 1 2 3 |  3.2
Spellcasting   | 1 2 3 |  3.2
Hexes          | 1 2 |  2.6
Charms         | 1 2 |  2.6
Summonings     | 1 2 |  2.6
Necromancy     | 1 2 |  2.6
Translocations | 1 2 |  2.6
Transmutations | 1 2 |  2.6
Fire Magic     | 1 2 |  2.6
Air Magic      | 1 2 |  2.6
Earth Magic    | 1 2 |  2.6
Poison Magic   | 1 2 |  2.6
Fighting       | 3 4 |  4.2
Staves         | 3 4 |  4.2
Dodging        | 3 4 |  4.2
Ice Magic      | 4 |  4.6
Evocations     | 5 |  5.6
Stealth        | 5 |  5.3

Action                   |  1- 3 |  4- 6 |  7- 9 || total
-------------------------+-------+-------+-------++-------
Melee: Quarterstaff      |    28 |       |       ||    28
       Bite              |     6 |    17 |    26 ||    49
       Whip              |    31 |   167 |   143 ||   341
       Punch             |       |     1 |     6 ||     7
       Mace              |       |       |    21 ||    21
       Dagger            |       |       |    22 ||    22
 Fire: Hunting sling     |       |       |     8 ||     8
 Cast: Freeze            |    29 |     9 |     9 ||    47
Invok: Curse Item        |       |     1 |     1 ||     2
  Use: Scroll            |       |     1 |     1 ||     2
 Stab: Sleeping          |     2 |     5 |     7 ||    14
  Eat: Chunk             |     1 |    10 |     6 ||    17
       Ration            |       |       |     1 ||     1
Armor: Robe              |    25 |    29 |    36 ||    90
Dodge: Dodged            |    96 |   122 |   120 ||   338
Block: Other             |       |       |     8 ||     8
